 Dungeon Crawl Stone Soup version 0.20.1-1-g8b1a95d (webtiles) character file.

280 Jazqa the Vandal (level 6, -9/43 HPs)
             Began as a Halfling Hunter on Oct 28, 2017.
             Killed from afar by an orc wizard (10 damage)
             ... with a magic dart
             ... on level 4 of the Dungeon.
             The game lasted 00:06:53 (3762 turns).

Jazqa the Vandal (Halfling Hunter)                  Turns: 3762, Time: 00:06:53

Health: -9/43      AC:  3    Str: 13    XL:     6   Next: 52%
Magic:  6/6        EV: 11    Int:  9    God:
Gold:   122        SH:  8    Dex: 17    Spells: 5/5 levels left

rFire    + . .     SeeInvis .   a - +1 hunting sling
rCold    . . .     Gourm    .   q - +1 shield
rNeg     . . .     Faith    .   c - +0 leather armour
rPois    .         Spirit   .   (no helmet)
rElec    .         Reflect  .   (no cloak)
rCorr    .         Harm     .   (no gloves)
MR       .....                  (no boots)
Stlth    ++........             (no amulet)
Regen    0.2/turn               F - ring of protection from fire
MPRegen  0.1/turn               (no ring)

@: no status effects
A: mutation resistance 1
a: no special abilities


You were on level 4 of the Dungeon.
You were hungry.

You visited 1 branch of the dungeon, and saw 4 of its levels.

You collected 122 gold pieces.


Innate Abilities, Weirdness & Mutations

You are small and have problems with some larger weapons.
You are somewhat resistant to further mutation.


   Skills:
 + Level 4.1 Fighting
 + Level 3.9 Short Blades
 + Level 7.1 Slings
 - Level 2.1 Dodging
 - Level 1.1 Stealth


You had 5 spell levels left.
You didn't know any spells.

Inventory:

Hand Weapons
 a - a +1 hunting sling (weapon)
 b - a +0 short sword
Missiles
 d - 41 sling bullets
 l - 16 stones (quivered)
Armour
 c - a +0 leather armour (worn)
 q - a +1 shield (worn)
Jewellery
 F - a ring of protection from fire (left hand)
Scrolls
 g - 2 scrolls of immolation {unknown}
 i - a scroll of teleportation {unknown}
 j - a scroll of blinking {unknown}
 n - a scroll of magic mapping {unknown}
 o - 2 scrolls of identify {unknown}
 t - 2 scrolls of amnesia
Potions
 e - a potion of lignification {unknown}
 k - a potion of mutation {unknown}
 m - 2 potions of flight {unknown}
 p - a potion of magic
 s - 2 potions of curing {@q1}
Comestibles
 f - 2 bread rations {@e1}
 h - a meat ration {@e1}

Dungeon Overview and Level Annotations

Branches:
Dungeon (4/15)
 Temple: D:4-7

Altars:
Ashenzari
Xom

#### ###... ######### #...
........##########a####(..
####............@oo(h!g.ยง.
###..#################o.((
....## . ##### # .. ..#


You could see a hound, a worker ant, an orc priest, an orc wizard, a gnoll and
an orc.


Message History

The orc wizard is severely wounded.
The orc priest looks satisfied for a moment.
The orc wizard mumbles some strange words.
The orc wizard seems to speed up.
Firing (i - inventory. (,) - cycle):
l - 18 stones (quivered)
Press: ? - help, Shift-Dir - straight line, f/p - orc priest
Aim: an orc priest, wielding a hand axe and wearing a leather armour (heavily wounded)
You shoot a stone. The stone hits the orc wizard.
The orc wizard is almost dead.
The orc wizard casts a spell.
The orc wizard blinks!
Firing (i - inventory. (,) - cycle):
l - 17 stones (quivered)
Press: ? - help, Shift-Dir - straight line, f/p - orc priest
Aim: an orc priest, wielding a hand axe and wearing a leather armour (heavily wounded)
You shoot a stone. The stone barely misses the orc wizard.
The stone hits the orc.
The orc is severely wounded.
The orc wizard mumbles some strange words.
The orc wizard blinks!
The orc wizard casts a spell.
The orc wizard blinks!
The orc priest mumbles some strange prayers to Beogh against you.
Beogh smites you!
* * * LOW HITPOINT WARNING * * *
The orc priest mumbles some strange prayers to Beogh against you.
Beogh smites you!
* * * LOW HITPOINT WARNING * * *
The orc wizard gestures at you while chanting.
The magic dart hits you!
You die...

Skill      XL: |  1  2  3  4  5  6 |
---------------+-------------------+-----
Fighting       | 2 3 4 |  4.1
Short Blades   | 1 2 3 |  3.9
Slings         | 6 7 |  7.1
Dodging        | |  2.1
Stealth        | |  1.1

Action                   |  1- 3 |  4- 6 || total
-------------------------+-------+-------++-------
Melee: Short sword       |   125 |    14 ||   139
 Fire: Hunting sling     |    14 |   213 ||   227
Throw: Stone             |     1 |       ||     1
  Use: Potion            |     1 |     2 ||     3
       Scroll            |       |     2 ||     2
  Eat: Chunk             |     2 |     6 ||     8
Armor: Leather armour    |    41 |    12 ||    53
Dodge: Dodged            |   123 |    39 ||   162
Block: Shield            |       |    24 ||    24

Vault maps used:
D:1:      nicolae_arrival_kraken_aquarium_a, hex_tiny, evilmike_ruin_ashenzari
D:3:      lemuel_round_altar, first_bread, uniq_terence, uniq_natasha
D:4:      marbit_many_paths, kennysheep_pointless_box, hex_intersection,
          uniq_sigmund, uniq_crazy_yiuf_cottage, uniq_duvessa

Notes
Turn   | Place    | Note
-------+----------+-------------------------------------------
     0 | D:1      | Jazqa the Halfling Hunter began the quest for the Orb.
     0 | D:1      | Reached XP level 1. HP: 14/14 MP: 1/1
     0 | D:1      | Noticed an octopode
     0 | D:1      | Noticed a minotaur
     0 | D:1      | Noticed an octopode
     0 | D:1      | Noticed a vampire
     0 | D:1      | Noticed a kraken
     0 | D:1      | Noticed a formicid
     0 | D:1      | Noticed a human
     0 | D:1      | Noticed a human
     0 | D:1      | Noticed a vampire
     0 | D:1      | Noticed a formicid
     0 | D:1      | Noticed an ogre
     4 | D:1      | Killed a formicid
     6 | D:1      | Killed an octopode
     9 | D:1      | Killed an octopode
    12 | D:1      | Killed a minotaur
    13 | D:1      | Killed a human
    14 | D:1      | Killed an ogre
    14 | D:1      | Killed a vampire
    15 | D:1      | Killed a formicid
    17 | D:1      | Killed a human
    23 | D:1      | Killed a vampire
    42 | D:1      | Reached skill level 2 in Fighting
    76 | D:1      | Reached skill level 1 in Short Blades
    78 | D:1      | Found a shattered altar of Ashenzari.
   168 | D:1      | Reached XP level 2. HP: 17/19 MP: 2/2
   729 | D:1      | Reached XP level 3. HP: 19/25 MP: 3/3
  1123 | D:2      | Reached skill level 2 in Short Blades
  1374 | D:2      | Reached skill level 3 in Fighting
  1374 | D:2      | Reached XP level 4. HP: 24/31 MP: 4/4
  2050 | D:2      | Reached skill level 6 in Slings
  2344 | D:2      | Reached XP level 5. HP: 21/36 MP: 5/5
  3075 | D:3      | Noticed Terence
  3092 | D:3      | Killed Terence
  3092 | D:3      | Reached skill level 3 in Short Blades
  3274 | D:3      | Found a shimmering altar of Xom.
  3353 | D:3      | Noticed Natasha
  3365 | D:3      | Killed Natasha
  3365 | D:3      | Reached XP level 6. HP: 26/43 MP: 6/6
  3564 | D:4      | Reached skill level 4 in Fighting
  3564 | D:4      | Reached skill level 7 in Slings
  3762 | D:4      | HP: 1/43 [orc priest/divine providence (16)]
  3762 | D:4      | Killed from afar by an orc wizard

Vanquished Creatures
  A scorpion (D:4)
  A gnoll shaman (D:3)
  Terence (D:3)
  Natasha (D:3)
  4 adders
  3 gnolls (D:2)
  An ooze (D:3)
  2 adder skeletons
  2 worms
  2 dart slugs
  2 leopard geckos
  An orc (D:4)
  5 giant cockroaches
  6 hobgoblins
  4 jackals (D:3)
  13 bats
  4 frilled lizards
  9 goblins
  8 kobolds
  4 rats
74 creatures vanquished.

Vanquished Creatures (others)
  A minotaur (D:1)
  2 octopodes (D:1)
  2 vampires (D:1)
  2 formicids (D:1)
  2 humans (D:1)
  An ogre (D:1)
  A mummy (D:1)
  An ooze (D:1)
  A kobold (D:1)
  12 tentacles (D:1)
25 creatures vanquished.

Grand Total: 99 creatures vanquished
